[Event "WWRR IM-Group 2024"]
[Site "Wachtebeke"]
[Date "2024.02.12"]
[Round "2.5"]
[White "Hauchamps, Maxime"]
[Black "Gloeckler, Christian"]
[Result "0-1"]
[ECO "B90"]
[WhiteElo "2267"]
[BlackElo "2354"]
[Annotator "TA"]
[PlyCount "74"]
[EventDate "2024.02.12"]
[EventType "tourn"]
[EventCountry "BEL"]
[SourceTitle "playchess.com"]
[Source "ChessBase"]
[SourceQuality "1"]
[TimeControl "40/5400+30:900+30"]

1. e4 c5 2. Nf3 d6 3. d4 cxd4 4. Nxd4 Nf6 5. Nc3 a6 6. Be3 e5 7. Nb3 Be6 8. f3 Be7 9. Qd2 O-O 10. O-O-O Nbd7 11. g4 b5 12. g5 Nh5 13. Nd5 Bxd5 14. exd5 f6 15. h4 Ng3 {[%emt 0:09:29] The position is equal.} 16. Rg1 Nxf1 17. Rdxf1 a5 $1 18. g6 a4 (18... h6 $11) 19. gxh7+ (19. Bh6 $5 hxg6 (19... gxh6 20. Qxh6) 20. Rxg6 $16) 19... Kh8 (19... Kxh7 $14 20. Qd3+ (20. Qg2 Rf7 $11) 20... f5) 20. Na1 $2 (20. Qg2 Rf7 21. Nd2 f5 $18) (20. Na5 $1 $16 {and life is bright.}) 20... f5 {[%emt 0:08:43][%cal Bf6f5,Bf5f4][%mdl 1056] Black has strong compensation.} (20... Kxh7 21. Qg2 Rf7 22. h5 $14) 21. h5 Qe8 (21... Kxh7 22. Qg2 Rf7 23. Qg6+ Kg8 24. h6 $18) 22. Rg6 (22. Qg2 $17 Bf6 23. Bg5) 22... f4 $1 $19 (22... Kxh7 23. Rfg1 Bf6 24. Qg2 $18) 23. Bf2 e4 {[%emt 0:03:01] Hoping for ...e3.} (23... Kxh7 24. Re1 $15) 24. Bd4 {[%emt 0:06:43] [#]} Bf6 $36 {[%emt 0:02:51][%mdl 2048] White is under strong pressure.} 25. c3 (25. Bxf6 $17 Nxf6 26. fxe4) 25... e3 (25... Kxh7 26. Bxf6 Rxf6 (26... Nxf6 27. Nc2 $11) 27. Rxf6 Nxf6 28. Qxf4 $14) 26. Qd3 a3 {[%emt 0:06:21] White must now prevent ...Ne5.} (26... Bxd4 27. cxd4 Rf6 (27... Kxh7 $2 28. Re6+ Kh8 29. Rxe8 $18) 28. Rfg1 Rxg6 (28... a3 $2 29. Rxg7 Rf8 30. Rg8+ $18) 29. Qxg6 Qxg6 30. hxg6 $17) 27. Nc2 (27. h6 $17 axb2+ (27... Kxh7 28. Rxg7+ Kxh6 29. Qh7#) 28. Kxb2) 27... axb2+ 28. Kb1 (28. Kxb2 $142 Nc5 29. Bxc5 dxc5 30. h6) 28... Nc5 29. Qe2 Bxd4 (29... Kxh7 30. Rfg1 b4 31. Rxg7+ Kh8 (31... Bxg7 32. Rxg7+ Kh6 33. Qg2 Ne6 34. dxe6 Rf5 35. Rh7+ Kxh7 36. Qg7#) 32. R7g6 $18) 30. Nxd4 Qe5 (30... Kxh7 31. Qc2 e2 32. Nxe2 $16) (30... b4 $142 31. Rfg1 Na4 (31... bxc3 $2 32. h6 $18)) 31. h6 gxh6 {[%emt 0:05:31] ...Na4 would now be deadly.} (31... Kxh7 $2 32. Rxg7+ Kh8 33. Qc2 $18 (33. Kxb2 Qxd5 34. Ka1 Nb3+ 35. Nxb3 Qxb3 $11) (33. Kxb2 $2 Qxd5 34. Ka1 Qc4 $19)) 32. Rfg1 $2 {[%emt 0:02:52] [#]} (32. Rh1 $17 Qxd5 33. Qxb2) 32... Na4 $1 (32... Kxh7 33. Rxh6+ (33. Qxb2 e2 $11) (33. Qc2 Ne4 $18) 33... Kxh6 34. Qg2 Rg8 35. Qh3+ (35. Qxg8 $2 Rxg8 36. Rh1+ Kg7 $19) 35... Qh5 36. Nf5+ Kh7 37. Qxh5#) (32... Qxd5 33. Qxb2 Na4 (33... Kxh7 $2 34. Qh2 $18) 34. Qb4 $17) 33. Qd3 (33. Qc2 {was worth a try.} e2 (33... Kxh7 34. Rg7+ Kh8 35. Rh7#) (33... Qxd5 34. Ne6 $18) 34. Re1) 33... Qxd5 {[%emt 0:02:01][%cal Oa4c3] And now ...Nxc3+! would win.} (33... Kxh7 34. Rg7+ Kh8 35. Rh7#) 34. Rg8+ (34. a3 $142 Rfc8 (34... Kxh7 35. Rg8+) 35. c4 Qxc4 (35... Rxc4 $2 {too greedy.} 36. Rg8+ $18) (35... bxc4 $2 36. Qc2 $19) 36. Qxc4 bxc4 37. Rxh6) 34... Rxg8 35. Rxg8+ Rxg8 36. hxg8=Q+ Qxg8 37. Ne2 Qh7 {[%emt 0:05:34] Weighted Error Value: White=0.82/Black=0.26 (precise) .  Mistake:       	White=8     	Black=3      OK:         	White=7     	Black=7      Best:        	---       	Black=2      Strong:       	---       	Black=3} 0-1

[Event "WWRR IM-Group 2024"]
[Site "Wachtebeke"]
[Date "2024.02.12"]
[Round "3.1"]
[White "Gloeckler, Christian"]
[Black "Leenhouts, Koen"]
[Result "1/2-1/2"]
[ECO "B40"]
[WhiteElo "2354"]
[BlackElo "2433"]
[Annotator "TA"]
[PlyCount "63"]
[EventDate "2024.02.12"]
[EventType "tourn"]
[EventCountry "BEL"]
[SourceTitle "playchess.com"]
[Source "ChessBase"]
[SourceQuality "1"]
[TimeControl "40/5400+30:900+30"]

1. e4 c5 2. Nf3 e6 3. g3 Nc6 4. Bg2 Nf6 5. Qe2 e5 6. O-O Be7 7. c3 O-O 8. Na3 Re8 9. d3 h6 10. Nc4 Bf8 11. a4 d5 12. exd5 Nxd5 (12... Qxd5 $11 13. Re1 e4 14. dxe4 Rxe4) 13. Nfxe5 $16 ({But not} 13. Ncxe5 Qd6 14. d4 cxd4 $15) 13... Nxe5 14. Nxe5 Nf6 15. f4 Bd6 16. Be3 {[%emt 0:16:05] White is more active.} Bxe5 17. fxe5 Rxe5 18. Qd2 Qe7 19. Rae1 {[%emt 0:05:25][%cal Oe3c5] [#] Threatens to win with Bxc5!} Be6 20. d4 Rd8 21. Rxf6 gxf6 22. Qc1 $1 cxd4 23. cxd4 Ra5 24. Bd2 Rxa4 25. d5 Rd4 $1 26. Be3 {[%emt 0:10:41] This pair of bishops is nice.} (26. Qc3 R8xd5 27. Bxd5 Rxd5 28. Bxh6 Qd8 $17) 26... R4xd5 (26... Rc8 27. Qb1 Rxd5 28. Bxd5 Bxd5 29. Qf5 $17) 27. Bxd5 Rxd5 ({Much weaker is} 27... Bxd5 $6 28. Bb6 (28. Bxa7 Qb4 $15) 28... Be6 29. Bxd8 Qxd8 30. Qxh6 $11) 28. Bxa7 Qb4 ({Black should try} 28... Qd6 $17 {And now ...b6 would win.} 29. Bf2 Kg7) 29. Be3 {[%emt 0:07:47] White is weak on the light squares} Re5 30. Qd2 {[%emt 0:07:13] Wards off Bd5} Qxd2 (30... Qe4 $15 31. Qd8+ Kh7) 31. Bxd2 $11 Kg7 32. Bc3 {[%emt 0:01:14] Weighted Error Value: White=0.11 (very precise) /Black=0.13 (very precise) .  Mistake:       	---       	Black=3      Inaccurate:     	White=4     	Black=1      OK:         	White=10    	Black=11     Best:        	White=1     	Black=2      Strong:       	White=1     	Black=1} 1/2-1/2

[Event "WWRR IM-Group 2024"]
[Site "Wachtebeke"]
[Date "2024.02.12"]
[Round "3.2"]
[White "Milliet, Sophie"]
[Black "Hauchamps, Maxime"]
[Result "1-0"]
[ECO "B31"]
[WhiteElo "2384"]
[BlackElo "2267"]
[Annotator "TA"]
[PlyCount "79"]
[EventDate "2024.02.12"]
[EventType "tourn"]
[EventCountry "BEL"]
[SourceTitle "playchess.com"]
[Source "ChessBase"]
[SourceQuality "1"]
[TimeControl "40/5400+30:900+30"]

1. e4 c5 2. Nf3 Nc6 3. Bb5 g6 4. Bxc6 dxc6 5. d3 Bg7 6. a4 a5 7. h3 Nf6 8. Be3 {[%emt 0:00:27] White is slightly better.} Nd7 9. Nc3 e5 10. Qd2 h6 11. Nh2 b6 12. O-O Nf8 13. f4 exf4 14. Bxf4 Ne6 15. Bg3 Qg5 16. Qe1 Nd4 17. Nf3 Qe7 18. Qd2 Be6 19. e5 $36 {[%emt 0:03:02][%mdl 2048] White is more active.} Bf5 20. Rae1 O-O-O (20... Nxf3+ $11 {keeps the balance.} 21. Rxf3 Qd7) 21. Nxd4 Rxd4 22. b3 Re8 23. Qf2 Qd7 24. Qf3 Be6 25. Ne4 Kb8 26. Nd6 Re7 {[%emt 0:03:31] [#]} (26... Rf8 $14) 27. Nxf7 $1 $18 Ka7 (27... Rxf7 $2 28. Qxf7 Qxf7 29. Rxf7 Bxf7 30. e6+ Kb7 31. exf7 $18) 28. Nd6 Bg8 29. Nc4 Rd5 {[%emt 0:02:43] [#]} 30. e6 Bxe6 $16 31. Qf4 {[%emt 0:00:26] White is much more active.} Qc8 {[%emt 0:03:17] [#] Inhibits Qb8+.} (31... Qd8 $16) 32. Qe4 $2 (32. Nd6 $1 $18 {[%cal Rd6c8] and the rest is easy.} Qd7 33. c4) 32... Rf5 $2 (32... Ka6 $16) 33. Rxf5 gxf5 34. Qf4 Bc3 {[%emt 0:05:50] [#]} 35. Re2 b5 $2 (35... h5 36. Kh2 Bf6) 36. axb5 $18 {[%emt 0:04:42] White is clearly winning.} cxb5 37. Qd6 Bf6 38. Qb6+ Ka8 39. Qxa5+ ({Stronger than} 39. Qxb5 Bxc4 40. dxc4 Rxe2 $11) 39... Ra7 40. Nb6+ {[%emt 0:00:08] Weighted Error Value: White=0.26 (precise) /Black=0.33.  Loses game:     	---       	Black=2      Missed win:     	White=1     	---        Mistake:       	White=1     	Black=3      Inaccurate:     	White=2     	Black=1      OK:         	White=14    	Black=10     Best:        	---       	Black=3} 1-0

[Event "WWRR IM-Group 2024"]
[Site "Wachtebeke"]
[Date "2024.02.12"]
[Round "3.3"]
[White "Van Cappellen, Jonas"]
[Black "Ochs, Daniel Elias"]
[Result "1-0"]
[ECO "B22"]
[WhiteElo "2212"]
[BlackElo "2280"]
[Annotator "TA"]
[PlyCount "83"]
[EventDate "2024.02.12"]
[EventType "tourn"]
[EventCountry "BEL"]
[SourceTitle "playchess.com"]
[Source "ChessBase"]
[SourceQuality "1"]
[TimeControl "40/5400+30:900+30"]

1. e4 c5 2. c3 Nf6 3. e5 Nd5 4. Nf3 d6 5. exd6 e6 6. g3 Bxd6 7. Bg2 Nc6 8. d4 cxd4 9. Nxd4 Nxd4 10. Qxd4 O-O 11. O-O Qb6 (11... Qc7 $11) 12. Qxb6 $14 Nxb6 13. Rd1 Bc7 {[%emt 0:19:25] White is slightly better.} 14. Na3 a6 15. c4 Rb8 16. Be3 Nd7 17. Nc2 Nf6 18. Ba7 Ra8 19. Bc5 Re8 20. Bd6 Bxd6 21. Rxd6 Kf8 22. Ne3 Ke7 23. Rad1 Rb8 24. c5 Bd7 25. Rb6 $36 {[%emt 0:05:16][%mdl 2048] Keeping Black busy. White is much more active.} Bc6 26. Bxc6 bxc6 27. Rxc6 (27. Rxa6 Rxb2 28. Ra7+ (28. Rxc6 Rxa2 29. Rc7+ Kf8 $14) 28... Kf8 $14) 27... Rxb2 28. Rxa6 Rc8 29. Ra7+ Kf8 30. Nc4 Rc2 {[%emt 0:01:24] [#]} (30... Rbb8 $16) 31. Nb6 $1 $18 Re8 (31... R8xc5 $2 32. Rd8+ Ne8 33. Raa8 $18) 32. Nd7+ Kg8 33. Nxf6+ (33. a4 $18 {is the precise move to win.}) 33... gxf6 {[%emt 0:00:06][%mdl 4096] Endgame. KRR-KRR} 34. Rdd7 Rf8 35. Rdc7 f5 (35... Kg7 $16 36. a4 Kg6) 36. a4 Rb8 $2 {[%emt 0:00:21] [#] Wards off a5} (36... Kg7 {is a better chance.} 37. c6 Kg6) 37. Rxf7 Rb1+ 38. Kg2 Rbb2 39. Rfd7 (39. Rxh7 Rxf2+ 40. Kg1 Rfd2 41. Rhg7+ Kf8 42. Raf7+ Ke8 43. Re7+ Kd8 $19) (39. Rg7+ $142 Kh8 40. Rgd7 (40. Rxh7+ Kg8 $18)) 39... Rxf2+ 40. Kg1 {[%emt 0:00:04][%cal Rd7d8] White mates.} Rg2+ 41. Kf1 Rgd2 42. Ra8+ {[%emt 0:00:11] Weighted Error Value: White=0.09 (flawless) /Black=0.57.  Mistake:       	White=1     	Black=3      Inaccurate:     	White=1     	Black=6      OK:         	White=14    	Black=8      Best:        	White=3     	Black=3} 1-0

[Event "WWRR IM-Group 2024"]
[Site "Wachtebeke"]
[Date "2024.02.12"]
[Round "3.4"]
[White "De Waele, Warre"]
[Black "Victor, Julian"]
[Result "0-1"]
[ECO "B12"]
[WhiteElo "2345"]
[BlackElo "2216"]
[Annotator "RC"]
[PlyCount "70"]
[EventDate "2024.02.12"]
[EventType "tourn"]
[EventCountry "BEL"]
[SourceTitle "playchess.com"]
[Source "ChessBase"]
[SourceQuality "1"]
[TimeControl "40/5400+30:900+30"]

1. e4 c6 2. d4 d5 3. e5 Bf5 4. h4 a6 5. h5 c5 6. dxc5 Nc6 7. Bd3 Qd7 8. Nf3 Bg4 9. Bf4 e6 10. Nbd2 Bxc5 11. Rh4 Nh6 12. Bxh6 Bxf3 13. Nxf3 gxh6 14. a3 Rg8 15. g3 Be7 16. Rf4 Bg5 17. Rg4 O-O-O 18. b4 f5 19. exf6 Bxf6 20. Rxg8 Rxg8 21. Rb1 e5 22. Be2 e4 23. Nh2 Bc3+ 24. Kf1 Ne5 25. Kg2 d4 26. f4 exf3+ 27. Bxf3 Nc4 28. Nf1 Qd6 29. g4 Rf8 30. Rb3 Qf4 31. Be2 Qf2+ 32. Kh1 Ne5 33. Nh2 Qe3 34. Nf1 Qe4+ 35. Kg1 Nf3+ 0-1

[Event "WWRR IM-Group 2024"]
[Site "Wachtebeke"]
[Date "2024.02.12"]
[Round "3.5"]
[White "Matnadze Bujiashvili, Ann"]
[Black "Dobrikov, Marco"]
[Result "0-1"]
[ECO "D11"]
[WhiteElo "2364"]
[BlackElo "2260"]
[Annotator "TA"]
[PlyCount "62"]
[EventDate "2024.02.12"]
[EventType "tourn"]
[EventCountry "BEL"]
[SourceTitle "playchess.com"]
[Source "ChessBase"]
[SourceQuality "1"]
[TimeControl "40/5400+30:900+30"]

1. Nf3 Nf6 2. d4 d5 3. c4 c6 4. Qc2 Bg4 5. Ne5 e6 6. Nxg4 Nxg4 7. g3 (7. Nc3 $14) 7... Bb4+ $15 8. Nc3 dxc4 9. f3 {[%emt 0:01:44] Black is slightly better.} Nf6 {[%emt 0:00:24] Black is more active.} 10. Be3 Nd5 11. Bd2 Qf6 12. O-O-O ({Better is} 12. Rd1 $15) 12... Nxc3 (12... Qxd4 $2 13. Nxd5 cxd5 14. Bxb4 Qe3+ 15. Kb1 $18) 13. Bxc3 Bxc3 14. Qxc3 b5 15. Bg2 O-O 16. f4 a5 17. e4 Na6 18. e5 Qe7 19. Kb1 Nb4 20. Be4 Nd5 21. Qf3 a4 22. f5 (22. Rc1 $17) 22... a3 $19 23. b3 cxb3 24. Bxd5 (24. axb3 $142 exf5 25. Bxd5 cxd5 26. Rc1) 24... cxd5 (24... exd5 25. axb3 Rfb8 26. Rc1 $11) 25. axb3 a2+ (25... Rfc8 $142 {aiming for ...Qb4.} 26. Qe3 Qb4 (26... exf5 $2 27. Rc1 $19)) 26. Ka1 Qb4 27. Rd3 (27. fxe6 $17 fxe6 28. Qe3) 27... Rfc8 {[%emt 0:02:40] ( -> ...Rc2)} 28. Rf1 $2 {[%emt 0:00:00] [#]} (28. Qe2 $19) 28... Rc2 {[%emt 0:02:31] Black mates.} 29. Qd1 Rac8 30. fxe6 Qa3 (30... Rxh2 31. exf7+ Kf8 32. e6 $16) 31. exf7+ Kf8 {[%emt 0:00:09] Weighted Error Value: White=0.52/Black=0.13 (very precise) .  Mistake:       	White=5     	Black=1      Inaccurate:     	White=2     	Black=1      OK:         	White=5     	Black=8      Best:        	White=1     	Black=4} 0-1

[Event "WWRR IM-Group 2024"]
[Site "Wachtebeke"]
[Date "2024.02.12"]
[Round "4.1"]
[White "Leenhouts, Koen"]
[Black "Dobrikov, Marco"]
[Result "0-1"]
[ECO "A58"]
[WhiteElo "2433"]
[BlackElo "2260"]
[Annotator "RC"]
[PlyCount "70"]
[EventDate "2024.02.12"]
[EventType "tourn"]
[EventCountry "BEL"]
[SourceTitle "playchess.com"]
[Source "ChessBase"]
[SourceQuality "1"]
[TimeControl "40/5400+30:900+30"]

1. d4 Nf6 2. c4 c5 3. d5 b5 4. cxb5 a6 5. bxa6 e6 6. Nc3 exd5 7. Nxd5 Nxa6 8. e4 Be7 9. Nf3 Nxd5 10. exd5 O-O 11. d6 Bf6 12. Be2 Nb4 13. O-O Bb7 14. a3 Re8 15. Bc4 Be4 16. Bd2 Nd3 17. Bxd3 Bxd3 18. Ba5 Qxa5 19. Qxd3 Bxb2 20. Ng5 g6 21. Qh3 h5 22. Rab1 Bf6 23. Nxf7 Ra7 24. Ng5 Bxg5 25. Qg3 Qd8 26. h4 Bf6 27. Qxg6+ Bg7 28. Rfe1 Re6 29. Rxe6 dxe6 30. Qxe6+ Rf7 31. Rb5 Bd4 32. Qg6+ Rg7 33. Qxh5 Qa8 34. Rb7 Rxb7 35. Qd5+ Kh8 0-1

[Event "WWRR IM-Group 2024"]
[Site "Wachtebeke"]
[Date "2024.02.12"]
[Round "4.2"]
[White "Victor, Julian"]
[Black "Matnadze Bujiashvili, Ann"]
[Result "0-1"]
[ECO "D77"]
[WhiteElo "2216"]
[BlackElo "2364"]
[Annotator "RC"]
[PlyCount "72"]
[EventDate "2024.02.12"]
[EventType "tourn"]
[EventCountry "BEL"]
[SourceTitle "playchess.com"]
[Source "ChessBase"]
[SourceQuality "1"]
[TimeControl "40/5400+30:900+30"]

1. d4 Nf6 2. c4 e6 3. g3 d5 4. Bg2 g6 5. Nf3 Bg7 6. O-O O-O 7. Nc3 Na6 8. h4 c5 9. cxd5 Nxd5 10. Nxd5 exd5 11. dxc5 Nxc5 12. Be3 Ne6 13. Nd4 Qf6 14. Nxe6 Bxe6 15. Qd2 Rfe8 16. b3 a5 17. Rac1 a4 18. Qb4 Qb2 19. Bf3 a3 20. Rfd1 Qxa2 21. Rd2 Qb2 22. Rdc2 Bf5 23. Rc7 a2 24. Bxd5 a1=Q 25. Bxf7+ Kh8 26. Bxe8 Rxe8 27. Rxa1 Qxa1+ 28. Rc1 Qb2 29. Qc4 h5 30. Kh2 Kh7 31. Rd1 Qe5 32. Qb4 Qe4 33. Qb5 Re5 34. Qb6 Re6 35. Qb5 Qg4 36. Kg1 Rxe3 0-1

[Event "WWRR IM-Group 2024"]
[Site "Wachtebeke"]
[Date "2024.02.12"]
[Round "4.3"]
[White "Ochs, Daniel Elias"]
[Black "De Waele, Warre"]
[Result "0-1"]
[ECO "D12"]
[WhiteElo "2280"]
[BlackElo "2345"]
[Annotator "TA"]
[PlyCount "108"]
[EventDate "2024.02.12"]
[EventType "tourn"]
[EventCountry "BEL"]
[SourceTitle "playchess.com"]
[Source "ChessBase"]
[SourceQuality "1"]
[TimeControl "40/5400+30:900+30"]

1. d4 d5 2. c4 c6 3. Nf3 Nf6 4. e3 Bf5 5. Nc3 e6 6. Nh4 Be4 7. f3 Bg6 8. Nxg6 hxg6 9. Qb3 Qc7 {The position is equal.} 10. g3 Be7 11. Bg2 {[#]} (11. cxd5 $11 cxd5 12. Bd3) 11... dxc4 $1 $17 12. Qxc4 {[#]} Rxh2 $3 13. Rxh2 (13. Kf2 Rxh1) 13... Qxg3+ 14. Kf1 Qxh2 15. Bd2 (15. Qb3 {might work better.} Qc7 16. f4) 15... Nbd7 $19 16. Ne2 Nh5 17. Rd1 Ng3+ 18. Nxg3 Qxg3 19. b4 Nb6 20. Qe2 a6 21. Be1 Qg5 22. a3 Qb5 23. Rc1 Nd5 24. Bd2 O-O-O 25. Qxb5 axb5 26. Kf2 Rh8 27. Rc2 Kd7 28. Bc1 Bf6 29. Kg1 Ne7 30. Bf1 Nf5 31. Kg2 Bg5 32. f4 Be7 33. Rf2 Nd6 34. Bd3 f5 35. Kg1 g5 36. Rg2 g4 37. Re2 Bf6 38. Kg2 (38. Rh2 {was necessary.} Rxh2 39. Kxh2) 38... Rh3 39. Kg1 Bxd4 40. Re1 Bf6 41. Bf1 Rh8 42. Bd3 g6 43. Kg2 Ke7 44. e4 fxe4 45. Bxe4 Nxe4 46. Rxe4 {[%mdl 4096] Endgame. KRB-KRB} Rh3 47. Be3 Kd6 {...Kd5 is the strong threat.} 48. Bc5+ Kd5 49. Re2 Rd3 {Repels Rd2} 50. Ra2 Bd4 51. Be7 Ke4 52. Re2+ Kf5 53. Bd6 Be3 54. Be5 Rd2 {[%emt 0:41:35] White got outplayed after the opening.   Weighted Error Value: White=0.31/Black=0.07 (flawless) .  Mistake:       	White=3     	---        Inaccurate:     	White=2     	---        OK:         	White=6     	Black=16     Best:        	White=1     	Black=1      Strong:       	---       	Black=1      Brilliant:      	---       	Black=1} 0-1

[Event "WWRR IM-Group 2024"]
[Site "Wachtebeke"]
[Date "2024.02.12"]
[Round "4.4"]
[White "Hauchamps, Maxime"]
[Black "Van Cappellen, Jonas"]
[Result "0-1"]
[ECO "A13"]
[WhiteElo "2267"]
[BlackElo "2212"]
[Annotator "RC"]
[PlyCount "74"]
[EventDate "2024.02.12"]
[EventType "tourn"]
[EventCountry "BEL"]
[SourceTitle "playchess.com"]
[Source "ChessBase"]
[SourceQuality "1"]
[TimeControl "40/5400+30:900+30"]

1. Nf3 Nf6 2. c4 c5 3. e3 e6 4. b3 Nc6 5. Bb2 d5 6. cxd5 exd5 7. Be2 Bd6 8. O-O O-O 9. Nc3 Re8 10. Rc1 Bd7 11. d4 cxd4 12. Nb5 Bb8 13. Nbxd4 Ne4 14. Bb5 Qb6 15. Qe2 a6 16. Bxc6 bxc6 17. Nh4 g6 18. g3 c5 19. Ndf3 Bb5 20. Qd1 Bxf1 21. Qxf1 Qe6 22. Ng2 g5 23. h4 h6 24. Qe2 Ba7 25. Nge1 Rad8 26. Nd3 f6 27. Kg2 d4 28. exd4 cxd4 29. Rc4 Nc3 30. Qc2 g4 31. Nd2 Qd5+ 32. Kh2 Qf5 33. Rc7 Re2 34. Rxa7 Rxf2+ 35. Kg1 Ne2+ 36. Kh1 Qd5+ 37. Nf3 Qxf3# 0-1

[Event "WWRR IM-Group 2024"]
[Site "Wachtebeke"]
[Date "2024.02.12"]
[Round "4.5"]
[White "Gloeckler, Christian"]
[Black "Milliet, Sophie"]
[Result "1/2-1/2"]
[ECO "C70"]
[WhiteElo "2354"]
[BlackElo "2384"]
[Annotator "TA"]
[PlyCount "55"]
[EventDate "2024.02.12"]
[EventType "tourn"]
[EventCountry "BEL"]
[SourceTitle "playchess.com"]
[Source "ChessBase"]
[SourceQuality "1"]
[TimeControl "40/5400+30:900+30"]

1. e4 e5 2. Nf3 Nc6 3. Bb5 a6 4. Ba4 Nge7 5. c3 f6 6. O-O d5 7. exd5 Qxd5 8. Bb3 Qd3 9. Bc2 Qd6 10. d4 (10. Re1 $14) 10... exd4 $11 11. Nxd4 Nxd4 12. cxd4 Be6 13. Re1 O-O-O 14. Nc3 Bf5 (14... Kb8 $5) 15. Be3 Bxc2 16. Qxc2 Nd5 17. Rac1 {[%emt 0:05:40] [#] aiming for Nxd5.} c6 18. a3 (18. Bd2 {simplifies} Kb8 19. Qb3 g5 20. Nxd5 Qxd5 21. Qxd5 Rxd5 22. Re8+) 18... h5 19. Na4 Qc7 20. Bd2 h4 (20... Kb8 {simplifies} 21. Nc5 Qf7 22. a4 Bxc5 23. dxc5 g5) 21. h3 Bd6 22. Qg6 Kb8 23. b4 ({Better is} 23. Nc5 $11 Bxc5 24. dxc5) 23... Qd7 (23... Bf4 $15 24. Qc2 Bxd2 25. Qxd2 Qf7) 24. Re4 ({White should try} 24. Nc5 $14 Bxc5 25. bxc5 (25. dxc5 Ka7 $14)) 24... f5 {[%emt 0:04:14] The position is equal.} (24... Ne7 $5 25. Qf7 $8 (25. Qxg7 $2 {too greedy.} Rhg8 $19) 25... Nf5 $11) 25. Re6 f4 {[%emt 0:02:02] [#] ...Rh6 is the strong threat.} 26. Rce1 Rh6 27. Qg4 Rxe6 28. Rxe6 {[%emt 0:01:25] A rather calm draw.   Weighted Error Value: White=0.17 (very precise) /Black=0.15 (very precise) .  Mistake:       	White=3     	Black=1      Inaccurate:     	White=4     	Black=4      OK:         	White=9     	Black=10     Best:        	---       	Black=2} 1/2-1/2

[Event "WWRR IM-Group 2024"]
[Site "Wachtebeke"]
[Date "2024.02.12"]
[Round "5.1"]
[White "Milliet, Sophie"]
[Black "Leenhouts, Koen"]
[Result "1/2-1/2"]
[ECO "B42"]
[WhiteElo "2384"]
[BlackElo "2433"]
[Annotator "TA"]
[PlyCount "30"]
[EventDate "2024.02.12"]
[EventType "tourn"]
[EventCountry "BEL"]
[SourceTitle "playchess.com"]
[Source "ChessBase"]
[SourceQuality "1"]
[TimeControl "40/5400+30:900+30"]

1. e4 c5 2. Nf3 e6 3. d4 cxd4 4. Nxd4 a6 5. Bd3 Bc5 6. Nb3 Ba7 7. Qe2 Nc6 8. Be3 Nge7 9. O-O O-O 10. c4 d6 11. Nc3 e5 {[%emt 0:02:31] White is slightly better.} 12. Bxa7 Rxa7 13. Qe3 Be6 14. Rfd1 Qb8 15. Rac1 b6 {[%emt 0:03:17] Weighted Error Value: White=0.04 (flawless) /Black=0.02 (flawless) .  OK:         	White=2     	Black=3} 1/2-1/2

[Event "WWRR IM-Group 2024"]
[Site "Wachtebeke"]
[Date "2024.02.12"]
[Round "5.2"]
[White "Van Cappellen, Jonas"]
[Black "Gloeckler, Christian"]
[Result "0-1"]
[ECO "A11"]
[WhiteElo "2212"]
[BlackElo "2354"]
[Annotator "TA"]
[PlyCount "56"]
[EventDate "2024.02.12"]
[EventType "tourn"]
[EventCountry "BEL"]
[SourceTitle "playchess.com"]
[Source "ChessBase"]
[SourceQuality "1"]
[TimeControl "40/5400+30:900+30"]

1. Nf3 d5 2. e3 Nf6 3. c4 e6 4. Nc3 c6 5. b3 Nbd7 6. Bb2 e5 7. cxd5 cxd5 8. d4 e4 {[%emt 0:01:47] Black is slightly better.} 9. Ne5 a6 10. Be2 Bd6 11. Nxd7 Bxd7 12. O-O h5 {[%emt 0:10:32][%cal Od6h2] [#] ...Bxh2+! would now be deadly.} 13. f4 Ng4 14. Bxg4 ({But not} 14. Nxd5 Bc6 15. h3 (15. Bxg4 $2 hxg4 $19) 15... Bxd5 $17) (14. Qd2 $15) 14... hxg4 $17 ({Reject} 14... Bxg4 15. Qe1 $11) 15. g3 {[%emt 0:02:01] Prevents Qh4} (15. Nxd5 $2 {too greedy.} Qh4 16. Qc2 Qxh2+ 17. Kf2 Qh4+ 18. Ke2 Bb5+ 19. Kd2 Qg3 20. Qxe4+ Kf8 $19) 15... Rh5 {[%emt 0:01:25] White is weak on the light squares} 16. Nb1 b5 {[%emt 0:03:13] Black is much more active. The white rooks are passive.} 17. Qd2 a5 18. Nc3 b4 19. Ne2 (19. Na4 $17) 19... Ke7 20. a4 (20. a3 $17) 20... Qh8 $19 21. Rf2 Rh3 22. Rc1 (22. f5 $142) 22... Qh6 {[%emt 0:02:01] [#] aiming for ...Rh8.} 23. Rc5 $2 (23. Rg2) 23... Rh8 24. Kf1 Rxh2 25. Ng1 Bxc5 26. dxc5 Qa6+ 27. Re2 Qd3 28. Ke1 Rxe2+ {[%emt 0:00:42] White got outplayed after the opening.   Weighted Error Value: White=1.05/Black=0.07 (flawless) .  Mistake:       	White=5     	---        Inaccurate:     	White=2     	---        OK:         	White=4     	Black=6      Best:        	---       	Black=2} 0-1